AoeStats
← godhands_1987

Arabia

510427598Analyzed
1v1 RM · 3d ago on Oct 1, 2026· 46m 5s· 2 players
Game mode
Random Map
Map size
Tiny (2 player)
Population
200
Speed
Normal
Resources
Standard
Victory
Conquest
Starting age
Dark Age
Ending age
Imperial Age
RankedLock teamsTeams togetherTeam positionsShared explorationLock speedFull tech treeHidden civsTurbo modeCheats
Victory
Defeat
🇧🇷 Magyars · Brazil
817
+15
🇨🇴 Romans · Colombia
794
-15
godhands_1987
8:08 Loom
10:19 Feudal Age
11:03 Horse Collar
11:13 Double-Bit Axe
20:37 Bloodlines
22:16 Wheelbarrow
24:39 Castle Age
23:25 Forging
23:24 Scale Barding Armor
26:07 Husbandry
25:31 Light Cavalry
27:40 Iron Casting
27:28 Chain Barding Armor
27:11 Scale Mail Armor
26:42 Pikeman
27:26 Squires
28:01 Hand Cart
31:11 Chain Mail Armor
31:12 Gold Mining
31:13 Stone Mining
34:04 Man-at-Arms
41:39 Imperial Age
DadShark
0:27 Loom
11:47 Feudal Age
16:01 Double-Bit Axe
22:00 Castle Age
20:09 Gold Mining
20:03 Horse Collar
20:19 Fletching
20:44 Town Watch
23:32 Wheelbarrow
23:10 Stone Mining
23:28 Scale Barding Armor
23:51 Bow Saw
23:45 Scale Mail Armor
26:54 Hand Cart
26:44 Padded Archer Armor
27:01 Heavy Plow
28:33 Bodkin Arrow
28:38 Elite Skirmisher
29:17 Pikeman
31:19 Murder Holes
32:30 Crossbowman
34:46 Thumb Ring
39:26 Imperial Age
37:28 Husbandry
37:15 Arson
38:31 Leather Archer Armor
39:01 Gold Shaft Mining
39:32 Chain Barding Armor
40:34 Town Patrol
39:57 Halberdier
40:14 Arbalester
41:33 Light Cavalry
44:27 Chemistry
43:48 Ballistics
Connection lost

Rejoining the realm…

Still unreachable

The connection could not be restored.

Session expired

The server has moved on; the page needs a fresh start.